 Dungeon Crawl Stone Soup version 0.27.0-1-g7a089689b8 (webtiles) character file.

Game seed: 2217400096662638552

79 Thatpatchoflichen the Sneak (level 4, -6/26 HPs)
             Began as a Kobold Enchanter on Aug 9, 2021.
             Mangled by a gnoll (8 damage)
             ... on level 2 of the Dungeon.
             The game lasted 00:05:27 (2603 turns).

Thatpatchoflichen the Sneak (Kobold Enchanter)      Turns: 2603, Time: 00:05:27

Health: -6/26      AC:  4    Str:  5    XL:     4   Next: 62%
Magic:  2/7        EV: 19    Int: 16    God:
Gold:   36         SH:  0    Dex: 16    Spells: 4/7 levels left

rFire    . . .     SeeInvis .   a - +1 dagger
rCold    . . .     Faith    .   (shield restricted)
rNeg     . . .     Spirit   .   b - +0 robe
rPois    .         Reflect  .   e - +0 helmet
rElec    .         Harm     .   (no cloak)
rCorr    .         Rampage  .   g - +0 pair of gloves
Will     .....                  (no boots)
Stlth    ++++......             (no amulet)
HPRegen  0.08/turn              k - +4 ring of evasion
MPRegen  0.10/turn              (no ring)

@: no status effects
A: small, no large weapons, nightstalker 3
a: no special abilities


You were on level 2 of the Dungeon.
You visited 1 branch of the dungeon, and saw 2 of its levels.

You collected 36 gold pieces.

Inventory:

Hand Weapons
 a - a +1 dagger (weapon)
Missiles
 h - 25 sling bullets
 j - 8 boomerangs
Armour
 b - a +0 robe (worn)
 e - a +0 helmet (worn)
 g - a +0 pair of gloves (worn)
Jewellery
 k - a +4 ring of evasion (left hand)
 m - a +4 ring of evasion
Scrolls
 f - 2 scrolls of identify {unknown}
 i - a scroll of vulnerability {unknown}
 n - a scroll of summoning {unknown}
 o - a scroll of fog {unknown}
Potions
 c - a potion of curing {unknown}
 d - a potion of magic {unknown}
 l - a potion of haste {unknown}


   Skills:
 + Level 1.9 Fighting
 + Level 3.1 Short Blades
 - Level 3.1 Dodging
 - Level 4.0 Stealth
 - Level 2.1 Spellcasting
 + Level 3.6 Hexes


You had 4 spell levels left.
You knew the following spells:

 Your Spells              Type           Power      Damage    Failure   Level
a - Corona                Hex            14%        N/A       4%          1
b - Ensorcelled Hibernat  Hex/Ice        14%        N/A       14%         2

Your spell library contained the following spells:

 Spells                   Type           Power      Damage    Failure   Level
 Confusing Touch          Hex            13%        N/A       14%         3
 Tukima's Dance           Hex            13%        N/A       14%         3
 Dazzling Flash           Conj/Hex       14%        N/A       28%         3


Dungeon Overview and Level Annotations

Branches:
Dungeon (2/15)

Altars:
Nemelex Xobeh


Innate Abilities, Weirdness & Mutations

You are small and have problems with some larger weapons.
You are completely attuned to the shadows.


Message History

Aim: a gnoll, wielding a +0 spear (chance to affect: 48%)
The gnoll resists with some effort.
The gnoll completely misses you.
Casting: Ensorcelled Hibernation (safe; 14% risk of failure)
Confirm with . or Enter, or press ? or * to list all spells.
You don't know that spell.
The gnoll misses you.
Casting: Ensorcelled Hibernation (safe; 14% risk of failure)
Confirm with . or Enter, or press ? or * to list all spells.
Aiming: Ensorcelled Hibernation (safe; 14% risk of failure)
Press: ? - help, Shift-Dir - straight line, f/p - gnoll
Aim: a gnoll, wielding a +0 spear (chance to affect: 48%)
The gnoll looks drowsy...
The helpless gnoll fails to defend itself.
You impale the gnoll!!
You kill the gnoll!
The gnoll shouts!
Your Short Blades skill increases to level 3!
Things that are here:
a +0 spear; 8 gold pieces
There is a stone staircase leading up, spattered with blood here.
Casting: Ensorcelled Hibernation (safe; 14% risk of failure)
Confirm with . or Enter, or press ? or * to list all spells.
Aiming: Ensorcelled Hibernation (safe; 14% risk of failure)
Press: ? - help, Shift-Dir - straight line, f - gnoll
Aim: a gnoll, wielding a +1 whip of flaming (chance to affect: 48%)
The gnoll resists with some effort.
The gnoll hits you with a +1 whip of flaming.
The gnoll burns you.
Casting: Ensorcelled Hibernation (safe; 14% risk of failure)
Confirm with . or Enter, or press ? or * to list all spells.
You don't have enough magic to cast this spell.
You hit the gnoll but do no damage.
The gnoll hits you with a +1 whip of flaming!
* * * LOW HITPOINT WARNING * * *
The gnoll burns you.
* * * LOW HITPOINT WARNING * * *
You hit the gnoll but do no damage. The gnoll closely misses you.
You hit the gnoll but do no damage.
The gnoll hits you with a +1 whip of flaming!
You die...

#.............#
#.#.....#####.# #.#.###.#
#.# #.#.# #.# #.#
#.#.###.# #.# ##.......##
#.# ##....##...# #.#
#.....##...## #.#####
#....###..g@# #.....#
#....# #....# #####.#
###....###...)# #.#
#......g......##### #.#
####.#.##............# #.#
...............>.###.###.#
###..#####.......# #.....#
#....†##.......# #######
#.###.##.......# #<#


You could see a gnoll.

Vanquished Creatures
  A hound zombie (D:2)
  2 gnolls
  An adder zombie (D:2)
  A worm (D:2)
  4 bats
  A bat skeleton (D:2)
  A bat zombie (D:2)
  4 endoplasms (D:1)
  2 giant cockroaches (D:2)
  2 goblins (D:1)
  3 hobgoblins
  A kobold (D:1)
  4 quokkas
  2 ball pythons
  3 frilled lizards
  2 quokka skeletons (D:2)
  3 rats
37 creatures vanquished.

Vanquished Creatures (others)
  4 withered plants (D:2)
4 creatures vanquished.

Grand Total: 41 creatures vanquished

Notes
Turn   | Place    | Note
-------+----------+-------------------------------------------
     0 | D:1      | Thatpatchoflichen the Kobold Enchanter began the quest for
                  | the Orb.
     0 | D:1      | Reached XP level 1. HP: 10/10 MP: 3/3
   566 | D:1      | Reached XP level 2. HP: 16/16 MP: 5/5
  1197 | D:1      | Reached skill level 1 in Fighting
  1290 | D:2      | Reached XP level 3. HP: 19/20 MP: 6/6
  1699 | D:2      | Learned a level 2 spell: Ensorcelled Hibernation
  1773 | D:2      | Reached XP level 4. HP: 25/25 MP: 7/7
  1826 | D:2      | Found a sparkling altar of Nemelex Xobeh.
  2603 | D:2      | Mangled by a gnoll

Illustrated notes

Levels and vault maps discovered:
D:1:      amcnicky_arrival_underground_garden, layout_loops_corners,
          minmay_misc_feat_hallway
D:2:      layout_basic, basic_altar, serial_undead, serial_undead_d,
          serial_undead_c, serial_undead_b, serial_undead_c

Skill      XL: |  1  2  3  4 |
---------------+-------------+-----
Short Blades   | 2 3 |  3.1
Fighting       | 1 |  1.9
Dodging        | 3 |  3.1
Stealth        | |  4.0
Spellcasting   | |  2.1
Hexes          | |  3.6

Action                   |  1- 3 |  4- 6 || total
-------------------------+-------+-------++-------
Melee: Dagger            |    67 |    44 ||   111
 Cast: Corona            |     1 |     1 ||     2
       Ensorcelled Hiber |       |     3 ||     3
 Stab: Sleeping          |    20 |     4 ||    24
       Distracted        |     1 |       ||     1
Armor: Robe              |    12 |     1 ||    13
Dodge: Dodged            |    45 |    47 ||    92
